 Dungeon Crawl Stone Soup version 0.26.1-2-gb8aa6d0cf2 (webtiles) character file.

Game seed: 11607847581863383351

135 phalm the Poker (level 5, -7/40 HPs)
             Began as a Gnoll Wanderer on Mar 6, 2021.
             Killed by nerve-wracking pain
             ... invoked by an orc priest
              (13 damage)
             ... on level 3 of the Dungeon.
             The game lasted 00:06:24 (3201 turns).

phalm the Poker (Gnoll Wanderer)                    Turns: 3201, Time: 00:06:25

Health: -7/40      AC:  3    Str: 14    XL:     5   Next: 18%
Magic:  6/7        EV: 13    Int: 17    God:
Gold:   109        SH:  4    Dex: 13    Spells: 6/6 levels left

rFire    . . .     SeeInvis .   a - +2 dagger
rCold    . . .     Faith    .   d - +0 buckler
rNeg     . . .     Spirit   .   e - +0 robe
rPois    .         Reflect  .   (no helmet)
rElec    .         Harm     .   t - +0 cloak
rCorr    .         Rampage  .   (no gloves)
Will     .....                  (no boots)
Stlth    +++.......             w - amulet of inaccuracy (curse)
HPRegen  0.13/turn              (no ring)
MPRegen  0.10/turn              (no ring)

@: no status effects
A: distributed training, fangs 1, strong nose
a: no special abilities


You were on level 3 of the Dungeon.
You visited 1 branch of the dungeon, and saw 3 of its levels.

You collected 109 gold pieces.

Inventory:

Hand Weapons
 a - a +2 dagger (weapon)
 p - a +0 spear
Missiles
 f - 7 silver boomerangs (quivered)
 g - 8 curare-tipped darts
 h - 7 poisoned darts
 n - 109 stones
 q - 8 boomerangs
 s - 47 arrows
 u - 16 sling bullets
 y - 47 bolts
Armour
 d - a +0 buckler (worn)
 e - a +0 robe (worn)
 t - a +0 cloak (worn)
Jewellery
 w - a cursed amulet of inaccuracy (around neck)
 z - an uncursed amulet of faith
Scrolls
 b - a scroll of fear
 i - 2 scrolls of fog
 k - a scroll of enchant armour
 l - 3 scrolls of amnesia
 o - 2 scrolls of noise
 r - a scroll of identify
 x - 2 scrolls of teleportation
 A - a scroll of remove curse {unknown}
Potions
 c - 2 potions of curing
 j - a potion of magic
 m - a potion of degeneration
 v - a potion of lignification


   Skills:
 + Level 2.9 Fighting
 + Level 1.4 Short Blades
 + Level 1.4 Long Blades
 + Level 1.4 Axes
 + Level 2.9 Maces & Flails
 + Level 4.7 Polearms
 + Level 1.4 Staves
 + Level 1.4 Slings
 + Level 1.4 Bows
 + Level 1.4 Crossbows
 + Level 1.4 Throwing
 + Level 2.9 Armour
 + Level 2.9 Dodging
 + Level 4.3 Stealth
 + Level 2.9 Shields
 + Level 1.4 Unarmed Combat
 + Level 1.4 Spellcasting
 + Level 1.1 Conjurations
 + Level 1.1 Hexes
 + Level 1.1 Summonings
 + Level 1.1 Necromancy
 + Level 1.1 Translocations
 + Level 1.1 Transmutations
 + Level 1.1 Fire Magic
 + Level 1.1 Ice Magic
 + Level 1.1 Air Magic
 + Level 1.1 Earth Magic
 + Level 1.1 Poison Magic
 + Level 1.5 Invocations
 + Level 2.9 Evocations


You had 6 spell levels left.
You didn't know any spells.
Your spell library was empty.

Dungeon Overview and Level Annotations

Branches:
Dungeon (3/15)

Altars:
Kikubaaqudgha
Nemelex Xobeh
Vehumet


Innate Abilities, Weirdness & Mutations

Your experience applies equally to all skills.
You have very sharp teeth.
Your uncanny sense of smell can sniff out nearby items.


Message History

You hit the orc priest.
The orc priest is moderately wounded.
You block the orc priest's attack.
You closely miss the orc priest.
The orc priest is moderately wounded.
You barely miss the orc priest. Your bite misses the orc priest.
The orc priest is moderately wounded.
You hit the orc priest but do no damage.
You bite the orc priest, but do no damage.
The orc priest is moderately wounded.
You block the orc priest's attack.
You hit the orc priest.
You bite the orc priest, but do no damage.
The orc priest is heavily wounded.
You block the orc priest's attack.
You hit the orc priest.
The orc priest is severely wounded.
The orc priest invokes the aid of Beogh against you.
Pain shoots through your body!
You die...

#.# #.#
#.#### #.#
#.# #.# #
#.# #.# #.#
#.# #.#
#.#### #.#
#.# #.....
#.#
#.#####..###
#.#
#........#
#.#
#######.## #
#@# #.####
#o# #.....
#)# #.####
#{..oo#
######.####
#<#####
#......#...
#.######.##
#.# #.# #.#
##.## #.#
###...#


You could see an orc priest and 2 orcs.

Vanquished Creatures
  Jessica (D:3)
  2 adders
  2 oozes
  2 worms
  2 dart slugs
  A leopard gecko (D:3)
  An orc (D:3)
  7 giant cockroaches
  10 goblins
  10 hobgoblins
  7 kobolds
  A quokka (D:2)
  2 ball pythons (D:3)
  5 bats
  6 frilled lizards
  8 rats
67 creatures vanquished.

Vanquished Creatures (others)
  An adder (D:3)
1 creature vanquished.

Grand Total: 68 creatures vanquished

Notes
Turn   | Place    | Note
-------+----------+-------------------------------------------
     0 | D:1      | phalm the Gnoll Wanderer began the quest for the Orb.
     0 | D:1      | phalm set off with the following items: a +2 dagger, a
                  | scroll of fear, a potion of curing, a +0 buckler, a +0 robe
     0 | D:1      | Reached XP level 1. HP: 17/17 MP: 1/1
    93 | D:1      | Reached XP level 2. HP: 23/23 MP: 2/2
   524 | D:1      | Reached XP level 3. HP: 28/28 MP: 3/3
  1119 | D:2      | Reached skill level 1 in Invocations
  1132 | D:2      | Found a sparkling altar of Nemelex Xobeh.
  1407 | D:2      | Reached skill level 1 in Short Blades
  1407 | D:2      | Reached skill level 1 in Long Blades
  1407 | D:2      | Reached skill level 1 in Axes
  1407 | D:2      | Reached skill level 1 in Staves
  1407 | D:2      | Reached skill level 1 in Slings
  1407 | D:2      | Reached skill level 1 in Bows
  1407 | D:2      | Reached skill level 1 in Crossbows
  1407 | D:2      | Reached skill level 1 in Throwing
  1407 | D:2      | Reached skill level 1 in Unarmed Combat
  1407 | D:2      | Reached skill level 1 in Spellcasting
  1494 | D:2      | Reached XP level 4. HP: 34/34 MP: 5/5
  1664 | D:2      | Found an ancient bone altar of Kikubaaqudgha.
  2409 | D:3      | Found a radiant altar of Vehumet.
  2590 | D:3      | Reached skill level 1 in Conjurations
  2590 | D:3      | Reached skill level 1 in Hexes
  2590 | D:3      | Reached skill level 1 in Summonings
  2590 | D:3      | Reached skill level 1 in Necromancy
  2590 | D:3      | Reached skill level 1 in Translocations
  2590 | D:3      | Reached skill level 1 in Transmutations
  2590 | D:3      | Reached skill level 1 in Fire Magic
  2590 | D:3      | Reached skill level 1 in Ice Magic
  2590 | D:3      | Reached skill level 1 in Air Magic
  2590 | D:3      | Reached skill level 1 in Earth Magic
  2590 | D:3      | Reached skill level 1 in Poison Magic
  3182 | D:3      | Noticed Jessica
  3187 | D:3      | Killed Jessica
  3188 | D:3      | Reached XP level 5. HP: 31/40 MP: 5/7
  3201 | D:3      | Killed from afar by an orc priest

Illustrated notes

Levels and vault maps discovered:
D:1:      dpeg_arrival_erosion, layout_basic, minmay_misc_feat_roman
D:2:      layout_basic, marbit_many_paths, lemuel_round_altar,
          minmay_misc_feat_encased
D:3:      minmay_wonky_spiral, layout_loops_ring, fiery_altar_vehumet,
          uniq_jessica

Skill      XL: |  1  2  3  4 |
---------------+-------------+-----
Invocations    | 1 |  1.5
Short Blades   | 1 |  1.4
Long Blades    | 1 |  1.4
Axes           | 1 |  1.4
Staves         | 1 |  1.4
Slings         | 1 |  1.4
Bows           | 1 |  1.4
Crossbows      | 1 |  1.4
Throwing       | 1 |  1.4
Unarmed Combat | 1 |  1.4
Spellcasting   | 1 |  1.4
Conjurations   | 1 |  1.1
Hexes          | 1 |  1.1
Summonings     | 1 |  1.1
Necromancy     | 1 |  1.1
Translocations | 1 |  1.1
Transmutations | 1 |  1.1
Fire Magic     | 1 |  1.1
Ice Magic      | 1 |  1.1
Air Magic      | 1 |  1.1
Earth Magic    | 1 |  1.1
Poison Magic   | 1 |  1.1
Fighting       | |  2.9
Maces & Flails | |  2.9
Polearms       | |  4.7
Armour         | |  2.9
Dodging        | |  2.9
Stealth        | |  4.3
Shields        | |  2.9
Evocations     | |  2.9

Action                   |  1- 3 |  4- 6 || total
-------------------------+-------+-------++-------
Melee: Dagger            |    76 |    80 ||   156
       Bite              |     9 |     7 ||    16
Throw: Boomerang         |    23 |    18 ||    41
  Use: Scroll            |       |     8 ||     8
       Potion            |       |     1 ||     1
 Stab: Sleeping          |    12 |     4 ||    16
Armor: Robe              |     4 |     7 ||    11
Dodge: Dodged            |    22 |    26 ||    48
Block: Buckler           |    10 |    14 ||    24
